 Dungeon Crawl Stone Soup version 0.29-a0-416-g83a48905f1 (webtiles) character file.

Game seed: 11566382330262544001

18 Parzival711 the Skirmisher (level 2, -6/24 HPs)
             Began as a Demonspawn Berserker on May 13, 2022.
             Was a Follower of Trog.
             Mangled by Sigmund
             ... wielding a +0 scythe
              (13 damage)
             ... on level 2 of the Dungeon on May 16, 2022.
             The game lasted 00:01:52 (1736 turns).

Parzival711 the Skirmisher (Demonspawn Berserker)   Turns: 1736, Time: 00:01:53

Health: -6/24      AC:  2    Str: 23    XL:     2   Next: 48%
Magic:  2/2        EV: 12    Int:  8    God:    Trog [*.....]
Gold:   13         SH:  0    Dex: 12    Spells: 1/1 levels left

rFire   . . .      SeeInvis .   a - +0 hand axe
rCold   . . .      Faith    .   (no shield)
rNeg    . . .      Spirit   .   b - +0 animal skin
rPois   .          Reflect  .   (no helmet)
rElec   .          Harm     .   (no cloak)
rCorr   .          Rampage  .   (no gloves)
Will    .....                   (no boots)
Stlth   +.........              (no amulet)
HPRegen 0.08/turn               c - +6 ring of strength
MPRegen 0.08/turn               (no ring)

@: no status effects
A: foul stench 1
a: Renounce Religion, Berserk


You were on level 2 of the Dungeon.
You worshipped Trog.
Trog was aware of your devotion.
You visited 1 branch of the dungeon, and saw 2 of its levels.

You collected 13 gold pieces.

Inventory:

Hand Weapons
 a - a +0 hand axe (weapon)
Missiles
 i - 2 throwing nets (quivered)
Armour
 b - a +0 animal skin (worn)
Jewellery
 c - a +6 ring of strength (left hand)
Potions
 d - a potion of brilliance
 e - a potion of curing {unknown}
 f - 2 potions of haste {unknown}
 g - a potion of resistance {unknown}
 h - 2 potions of flight {unknown}


   Skills:
 + Level 3.3 Fighting
 + Level 3.1 Axes
 + Level 1.8 Armour
 + Level 1.8 Dodging
 + Level 0.3 Stealth


You had one spell level left.
You didn't know any spells.
Your spell library was empty.

Dungeon Overview and Level Annotations

Branches:
Dungeon (2/15)

Altars:

Annotations:
D:2 Sigmund


Innate Abilities, Weirdness & Mutations

You may rarely emit foul miasma when damaged in melee.


Message History

Done exploring.
Done exploring.
Done exploring.
Done exploring.
There is a stone staircase leading down here.
You climb downwards.
Found a scroll labelled CUMIYL SIC and 3 gold pieces.
There is a stone staircase leading up here.
Sigmund shouts!
The quokka closely misses you.
Sigmund drinks a potion.
Sigmund flickers and vanishes!
Deactivating autopickup; reactivate with Ctrl-A.
You miss the quokka. The quokka barely misses you.
You completely miss the quokka. The quokka bites you.
You emit a cloud of foul miasma!
You miss the quokka.
The quokka is engulfed in dark miasma.
The quokka is poisoned.
The quokka seems to slow down.
You kill the quokka!
Trog accepts your kill.
A puff of flame appears from out of thin air!
The puff of flame hits you!
Ouch! That really hurt!
Something barely misses you.
You hear some strange, mumbled words.
Something tries to affect you, but you resist.
You see here a quokka corpse.
There is a strange disturbance nearby!
There is a strange disturbance nearby!
There is a strange disturbance nearby!
There is a strange disturbance nearby!
There is a strange disturbance nearby!
There is a strange disturbance nearby!
There is a strange disturbance nearby!
There is a strange disturbance nearby!
Something hits you.
* * * LOW HITPOINT WARNING * * *
You miss something. You closely miss something. Something hits you!
Ouch! That really hurt!
You die...

#.#.##### #
#.#.#.....#
#.#.#......$
##.#.#......
...........
.........
#.....#
#...#.####
#...<@...#
.......#{.#.#
.?.....#..#
..
.......#..#
...
.......##.#
#.. ##+#...
..# . #..#
... #.. .##
#.


There were no monsters in sight!

Vanquished Creatures
  2 bats (D:1)
  3 endoplasms (D:1)
  A giant cockroach (D:1)
  3 hobgoblins (D:1)
  A kobold (D:1)
  A quokka (D:2)
  A ball python (D:1)
  3 frilled lizards (D:1)
  A rat (D:1)
16 creatures vanquished.

Notes
Turn   | Place    | Note
-------+----------+-------------------------------------------
     0 | D:1      | Parzival711 the Demonspawn Berserker began the quest for
                  | the Orb.
     0 | D:1      | Reached XP level 1. HP: 18/18 MP: 1/1
    81 | D:1      | Found a faded altar of an unknown god.
   677 | D:1      | Gained mutation: You may rarely emit foul miasma when
                  | damaged in melee. [demonic ancestry]
   677 | D:1      | Reached XP level 2. HP: 19/24 MP: 2/2
   908 | D:1      | Upgraded the game from 0.29-a0-409-gd843f3a48c to
                  | 0.29-a0-416-g83a48905f1
  1724 | D:2      | Noticed Sigmund
  1736 | D:2      | Mangled by Sigmund

Illustrated notes

Levels and vault maps discovered:
D:1:      onia_arrival_mini_maze_b, layout_basic, basic_ecumenical_altar
D:2:      layout_basic, uniq_jessica, uniq_sigmund

Skill      XL: |  1 |
---------------+----+-----
Axes           | 3 |  3.1
Fighting       | |  3.3
Armour         | |  1.8
Dodging        | |  1.8
Stealth        | |  0.3

Action                   || total
-------------------------++-------
Melee: Hand axe          ||    59
       Punch             ||     1
  Use: Scroll            ||     1
 Stab: Sleeping          ||     1
Armor: Animal skin       ||     7
Dodge: Dodged            ||    35

Table legend: (Time is in decaauts)
 A = Elapsed time spent in this place.
 B = Non-inter-level travel time spent in this place.
 C = Inter-level travel time spent in this place.
 D = Time resting spent in this place.
 E = Time spent auto-exploring this place.
 F = Levels seen in this place.
 G = Mean time per level.
                   A        B        C        D        E       F      G
               +--------+--------+--------+--------+--------+-----+--------+
         Total |   1743 |   1743 |      0 |    308 |   1209 |   2 |  871.5 |
       Dungeon |   1743 |   1743 |      0 |    308 |   1209 |   2 |  871.5 |
               +--------+--------+--------+--------+--------+-----+--------+

Top non-repeatable levels by time:
     D:1: 1731 daAuts
     D:2: 12 daAuts
